 Dungeon Crawl Stone Soup version 0.30.0-29-ga12c61a403 (webtiles) character file.

Game seed: 6275332661730401040

2163 Ijustatesigmund the Stinger (level 9, -2/58 HPs)
             Began as an Octopode Venom Mage on June 15, 2023.
             Was a Believer of Cheibriados.
             Slain by a gnoll sergeant
             ... wielding a +3 trident of flaming
              (13 damage)
             ... on level 7 of the Dungeon.
             The game lasted 00:19:49 (8485 turns).

Ijustatesigmund the Stinger (Octopode Venom Mage)   Turns: 8485, Time: 00:19:50

Health: -2/58      AC:  1    Str: 11    XL:     9   Next: 32%
Magic:  12/16      EV: 13    Int: 26    God:    Cheibriados [**....]
Gold:   298        SH:  0    Dex: 16    Spells: 3/17 levels left

rFire   . . .        h - +3 spear (elec)
rCold   . . .        (no shield)
rNeg    . . .        (helmet restricted)
rPois   .            (no amulet)
rElec   .            j - ring of see invisible
rCorr   .            (no ring)
SInv    +            (no ring)
Will    .....        (no ring)
Stlth   +++          (no ring)
HPRegen 0.29/turn    (no ring)
MPRegen 0.15/turn    (no ring)
                     (no ring)

%: no passive effects
@: very slow
A: almost no armour, amphibious, 8 rings, camouflage 1, gelatinous body 1,
(nimble swimmer 1), tentacles
a: Renounce Religion, Bend Time


You were on level 7 of the Dungeon.
You worshipped Cheibriados.
Cheibriados was pleased with you.
You visited 2 branches of the dungeon, and saw 8 of its levels.

You collected 298 gold pieces.

Inventory:

Hand Weapons
 e - a +2 vampiric dagger
 h - a +3 spear of electrocution (weapon)
 u - a +1 flail of holy wrath
Missiles
 b - 9 poisoned darts (quivered)
 p - a throwing net
Magical Staves
 t - the staff of earth "Momousol" {+Blink}
   (You found it on level 4 of the Dungeon)

   [staff of earth]

   Base accuracy: +5 Base damage: 5 Base attack delay: 1.2 This weapon's minimum
   attack delay (0.6) is reached at skill level 12.
   +Blink:    It lets you blink.
   It falls into the 'Staves' category.
   It is a one-tentacled weapon.
Jewellery
 j - a ring of see invisible (left tentacle)
Wands
 s - a wand of charming (5)
Scrolls
 c - 7 scrolls of teleportation
 d - 5 scrolls of amnesia
 g - 2 scrolls of silence
 i - 3 scrolls of fog
 l - 3 scrolls of fear
Potions
 a - 3 potions of magic
 f - a potion of curing
 k - a potion of degeneration {unknown}
 m - 2 potions of lignification
 n - 2 potions of flight {unknown}
 o - 2 potions of brilliance {unknown}
 q - a potion of cancellation {unknown}
 v - 2 potions of attraction {unknown}


   Skills:
 - Level 4.1 Fighting
 - Level 2.0 Dodging
 - Level 2.6 Stealth
 + Level 4.8 Spellcasting
 + Level 4.2 Conjurations
 + Level 0.7 Necromancy
 - Level 1.0 Transmutations
 + Level 4.4 Air Magic
 + Level 0.9 Earth Magic
 + Level 6.8 Poison Magic
 + Level 5.2 Invocations
 - Level 2.7 Evocations


You had 3 spell levels left.
You knew the following spells:

 Your Spells              Type           Power      Damage    Failure   Level
a - Sting                 Tmut/Pois      100%       1d8       1%          1
b - Poisonous Vapours     Pois/Air       70%        N/A       1%          2
c - Mephitic Cloud        Conj/Pois/Air  33%        N/A       2%          3
d - Olgreb's Toxic Radia  Pois           42%        N/A       4%          4
e - Dispel Undead         Necr           10%        3d9       50%         4

Your spell library contained the following spells:

 Spells                   Type           Power      Damage    Failure   Level
 Cigotuvi's Dreadful Rot  Necr/Pois/Air  54%        N/A       2%          2
 Spider Form              Tmut/Pois      26%        N/A       4%          3
 Dazzling Flash           Conj/Hex       34%        N/A       10%         3
 Ensorcelled Hibernation  Hex/Ice        12%        N/A       12%         2
 Inner Flame              Hex/Fire       6%         N/A       24%         3
 Summon Guardian Golem    Hex/Summ       6%         N/A       24%         3
 Flame Wave               Conj/Fire      17%        2d7       32%         4
 Sticky Flame             Conj/Fire      17%        2d4       32%         4
 Anguish                  Hex/Necr       4%         N/A       54%         4
 Silence                  Hex/Air        9%         N/A       65%         5
 Agony                    Necr           10%        N/A       83%         5
 Death Channel            Necr           5%         N/A       100%        6
 Orb of Destruction       Conj           14%        9d7       100%        7
 Spellforged Servitor     Conj/Summ      8%         N/A       100%        7


Dungeon Overview and Level Annotations

Branches:
Dungeon (7/15)             Temple (1/1) D:4

Altars:
Ashenzari
Cheibriados
Dithmenos
Elyvilon
Fedhas
Gozag
Hepliaklqana
Kikubaaqudgha
Makhleb
Nemelex Xobeh
Okawaru
Qazlal
Ru
Sif Muna
Uskayaw
Vehumet
Wu Jian
Xom
Zin

Shops:
D:5 :(*


Innate Abilities, Weirdness & Mutations

You cannot wear most types of armour.
You are amphibious.
You can wear up to eight rings at the same time.
Your skin changes colour to match your surroundings (Stealth+).
Your rubbery body absorbs attacks. (AC +1, EV +1)
((You are camouflaged when in or above water. (Stealth+)))
You have tentacles for arms and can constrict up to eight enemies at once.


Message History

The gnoll sergeant is wielding a +3 trident of flaming.
There is a large open door here.
The centaur wields a +0 shortbow.
The centaur shoots an arrow.
The arrow closely misses you.
The centaur shoots an arrow.
The arrow hits you.
Casting: Poisonous Vapours (safe; 1% risk of failure)
Confirm with . or Enter, or press ? or * to list all spells.
You begin to radiate toxic energy.
The gnoll sergeant shouts!
The gnoll sergeant is poisoned.
The iguana is poisoned.
The sky beast is poisoned.
The centaur is poisoned.
The gnoll sergeant looks even sicker.
The iguana looks even sicker.
The centaur shoots an arrow.
The arrow barely misses you.
The sky beast flickers out of sight for a moment.
The centaur shoots an arrow.
The arrow hits you!
The centaur shoots an arrow.
The arrow misses you.
You hit the ice beast.
The ice beast is lightly wounded.
The gnoll sergeant looks even sicker.
You kill the iguana!
Cheibriados appreciates the change of pace.
The sky beast looks even sicker.
The centaur looks even sicker.
The centaur shoots an arrow.
The arrow closely misses you.
The ice beast hits you but does no damage.
The centaur shoots an arrow.
The arrow hits you!
You feel much better.
The gnoll sergeant looks as sick as possible!
The sky beast looks even sicker.
Your toxic aura wanes.
The centaur shoots an arrow.
The arrow hits you. The ice beast barely misses you.
You barely miss the ice beast. Your squeeze misses the ice beast.
The ice beast is lightly wounded.
The ice beast hits you. The ice beast freezes you! The sky beast hits you.
The sky beast shocks you.
The gnoll sergeant hits you from afar with a +3 trident of flaming!
The gnoll sergeant burns you!
* * * LOW HITPOINT WARNING * * *
The sky beast closely misses you. The ice beast barely misses you.
The gnoll sergeant hits you from afar with a +3 trident of flaming!
You die...

#..#..## #.... #..#...#
##....## ####. #..##..#
##......## #. #..##..#
###...$$...############.
#..#..##
#.#..$..$..#............
#....##
#.#..$..c..#......†.####
.#.###
#.#..?$g...#........#
##.###
#.##..YY..##........#
.....### #.#
#..@.##.........#
##.##..###.#
##''##..........#
##+####.##.#
#..#..........##
...........#
##.....#.....##
##+######.##
#############
..........# ##+####.###
##.##.)## .....###


You could see an ice beast, a sky beast (invisible, very poisoned), a gnoll
sergeant (extremely poisoned) and a centaur (very poisoned).

Vanquished Creatures
  Grinder (D:3)
  A shadow (D:6)
  Edmund (D:4)
  An ice beast (D:5)
  An orc warrior (D:6)
  A sky beast (D:7)
  2 centaurs
  2 phantoms (D:5)
  A kobold brigand (D:5)
  2 bullfrogs
  A scorpion (D:5)
  A howler monkey (D:7)
  3 hounds
  4 orc priests (D:5)
  A sleepcap (D:5)
  2 jellies
  A gnoll bouda (D:7)
  Jessica (D:2)
  5 iguanas
  2 orc wizards (D:5)
  5 adders
  9 gnolls
  An ufetubus (D:4)
  4 worms
  2 dart slugs (D:2)
  11 orcs
  5 bats
  8 endoplasms
  A giant cockroach (D:1)
  6 goblins
  5 hobgoblins
  17 jackals
  7 kobolds
  4 quokkas
  7 ball pythons
  7 frilled lizards
  6 rats
139 creatures vanquished.

Notes
Turn   | Place    | Note
-------+----------+-------------------------------------------
     0 | D:1      | Ijustatesigmund the Octopode Venom Mage began the quest for
                  | the Orb.
     0 | D:1      | Reached XP level 1. HP: 11/11 MP: 3/3
    99 | D:1      | Reached XP level 2. HP: 18/18 MP: 1/5
   214 | D:2      | Learned a level 2 spell: Poisonous Vapours
   220 | D:2      | Reached skill level 1 in Fighting
   340 | D:2      | Reached skill level 4 in Poison Magic
   496 | D:1      | Reached XP level 3. HP: 23/23 MP: 0/6
   781 | D:1      | Learned a level 3 spell: Mephitic Cloud
   956 | D:1      | Reached skill level 1 in Air Magic
  1246 | D:1      | Reached XP level 4. HP: 28/28 MP: 4/8
  1385 | D:2      | Found a white marble altar of Elyvilon.
  1477 | D:2      | Noticed Jessica
  1488 | D:2      | Killed Jessica
  1489 | D:2      | Reached skill level 1 in Conjurations
  1885 | D:3      | Reached XP level 5. HP: 7/33 MP: 9/9
  2058 | D:3      | Found a broken altar of Ashenzari.
  2553 | D:3      | Noticed Grinder
  2849 | D:4      | Identified the staff of earth "Momousol" {+Blink}
  2961 | D:4      | Noticed Edmund
  3037 | D:4      | Learned a level 4 spell: Olgreb's Toxic Radiance
  3119 | D:4      | Found a shimmering altar of Xom.
  3119 | D:4      | Found an opulent altar of Gozag.
  3122 | D:4      | Found an iron altar of Okawaru.
  3625 | D:4      | Killed Edmund
  3626 | D:4      | Reached skill level 5 in Poison Magic
  3626 | D:4      | Reached skill level 1 in Evocations
  3626 | D:4      | Reached XP level 6. HP: 38/38 MP: 4/11
  3673 | D:4      | Found a staircase to the Ecumenical Temple.
  3681 | Temple   | Entered the Ecumenical Temple
  3828 | Temple   | Became a worshipper of Cheibriados the Contemplative
  3908 | D:5      | Entered Level 5 of the Dungeon
  3908 | D:5      | Found Ybacaumont's Book Boutique.
  3922 | D:5      | Reached XP level 7. HP: 43/43 MP: 0/12
  4248 | D:5      | Found Noskun's Overcharged Wands.
  4974 | D:5      | Found a faded altar of an unknown god.
  4975 | D:5      | Found a hazy altar of Hepliaklqana.
  5625 | D:3      | Killed Grinder
  5626 | D:3      | Reached skill level 6 in Poison Magic
  5626 | D:3      | Reached skill level 1 in Invocations
  5626 | D:3      | Reached XP level 8. HP: 48/48 MP: 9/14
  5985 | D:5      | Found Hutzegups's Weapon Shop.
  5985 | D:5      | Noticed a +0 demon trident
  5988 | D:5      | Reached * piety under Cheibriados
  6217 | D:5      | Noticed a +0 bardiche
  7000 | D:6      | Noticed a shadow
  7010 | D:6      | Killed a shadow
  7139 | D:6      | Reached XP level 9. HP: 57/57 MP: 16/16
  7812 | D:7      | Reached skill level 5 in Invocations
  7954 | D:7      | Learned a level 4 spell: Dispel Undead
  7965 | D:7      | Reached ** piety under Cheibriados
  8485 | D:7      | Slain by a gnoll sergeant

Illustrated notes

Levels and vault maps discovered:
D:1:      heliophobic_arrival_ceremonial_halls, layout_rooms, feat_on_display
D:2:      layout_rooms, basic_altar, kennysheep_jessica_study
D:3:      layout_basic, mainiacjoe_overflow_concentric_impassable, uniq_grinder
D:4:      layout_loops_ring, grunt_temple_overflow_open, temple_green,
          uniq_edmund
D:5:      layout_layer_cave, beargit_hepliaklqana_dungeon_heroes, serial_shops,
          nicolae_shop_mannequins, shop, nicolae_shop_overcharged_wands
D:6:      layout_loops_corners
D:7:      minmay_polygon_palace, layout_rooms, grunt_ministairs_9,
          interstate_on_off, minmay_misc_feat_rugged
Temple:   nicolae_temple_bog_church

Skill      XL: |  1  2  3  4  5  6  7  8  9 |
---------------+----------------------------+-----
Fighting       | 1 3 4 |  4.1
Poison Magic   | 4 5 6 |  6.8
Air Magic      | 1 2 3 4 |  4.4
Conjurations   | 1 2 3 4 |  4.2
Spellcasting   | 3 4 |  4.8
Evocations     | 1 2 |  2.7
Invocations    | 1 4 5 |  5.2
Dodging        | |  2.0
Stealth        | |  2.6
Necromancy     | |  0.7
Transmutations | |  1.0
Earth Magic    | |  0.9

Action                     |  1- 3 |  4- 6 |  7- 9 || total
---------------------------+-------+-------+-------++-------
  Melee: Unarmed           |    24 |       |       ||    24
         Tentacles         |    24 |    24 |    35 ||    83
         Constrict         |    25 |    22 |    18 ||    65
         Short sword       |    56 |    53 |       ||   109
         Punch             |     2 |     1 |       ||     3
         Staff             |       |    39 |       ||    39
         Spear             |       |       |    98 ||    98
         Flail             |       |       |    15 ||    15
  Throw: Dart              |     4 |       |       ||     4
   Cast: Sting             |    17 |     5 |     1 ||    23
         Poisonous Vapours |    19 |    19 |    20 ||    58
         Mephitic Cloud    |       |     4 |       ||     4
         Olgreb's Toxic Ra |       |     1 |     9 ||    10
Ability: Evoke Blink       |       |     2 |       ||     2
    Use: Scroll            |       |     9 |     6 ||    15
         Potion            |       |     2 |     4 ||     6
   Stab: Sleeping          |       |     8 |     2 ||    10
         Distracted        |       |     1 |     1 ||     2
         Invisible         |       |       |     1 ||     1
 Armour: Skin              |     4 |     4 |     6 ||    14
  Dodge: Dodged            |    77 |    48 |    69 ||   194
